 Dungeon Crawl Stone Soup version 0.30.1 (webtiles) character file.

Game seed: 11315271634343811334

1186 javelincjr the Conjurer (level 8, -4/73 (91) HPs)
             Began as a Demonspawn Reaver on July 3, 2023.
             Was a Believer of Kikubaaqudgha.
             Slain by a two-headed ogre
             ... wielding a +0 giant spiked club
              (12 damage)
             ... on level 6 of the Dungeon.
             The game lasted 00:24:30 (4771 turns).

javelincjr the Conjurer (Demonspawn Reaver)         Turns: 4771, Time: 00:24:31

HP:   -4/73 (91)    AC: 24    Str: 14    XL:     8   Next: 19%
MP:   0/14          EV:  2    Int: 14    God:    Kikubaaqudgha [**....]
Gold: 140           SH:  0    Dex: 13    Spells: 14/15 levels left

rFire   + . .        h - +2 trident
rCold   . . .        (no shield)
rNeg    . . .        b - melded +0 leather armour
rPois   +            (helmet currently unavailable)
rElec   .            (cloak currently unavailable)
rCorr   .            (gloves currently unavailable)
SInv    .            (boots currently unavailable)
Will    .....        v - amulet of guardian spirit
Stlth   +            s - ring of protection from fire
HPRegen 0.32/turn    (no ring)
MPRegen 0.14/turn

%: guardian spirit
@: tree-form, heavily drained
A: stationary, stasis, torment immunity, boosted hp, repulsion field 1, (spiny
3), (demonic touch 1)
a: Renounce Religion, Unearth Wretches


You were on level 6 of the Dungeon.
You worshipped Kikubaaqudgha.
Kikubaaqudgha was pleased with you.
You were a tree.
You visited 2 branches of the dungeon, and saw 7 of its levels.

You collected 232 gold pieces.
You spent 92 gold pieces at shops.

Inventory:

Hand Weapons
 a - a +0 spear
 g - a +0 dagger of venom
 h - a +2 trident (weapon)
Missiles
 l - 4 curare-tipped darts
Armour
 b - a +0 leather armour (melded)
Magical Staves
 k - a staff of air
Jewellery
 s - a ring of protection from fire (left branch)
 v - an amulet of guardian spirit (around neck)
Wands
 u - a wand of paralysis (7)
Scrolls
 c - 5 scrolls of teleportation
 d - 2 scrolls of fog
 f - 4 scrolls of vulnerability
 n - a scroll of silence
 o - a scroll of enchant armour {unknown}
 q - a scroll of fear
 r - 2 scrolls of magic mapping
 t - a scroll of immolation {unknown}
 y - a scroll of poison
Potions
 e - a potion of brilliance
 i - a potion of flight
 j - 2 potions of lignification
 m - 2 potions of magic
 p - a potion of curing
 w - 3 potions of resistance


   Skills:
 + Level 4.4 Fighting
 + Level 4.5 Polearms
 + Level 4.0 Dodging
 + Level 4.1 Spellcasting
 + Level 4.9 Conjurations
 + Level 3.7 Necromancy


You had 14 spell levels left.
You knew the following spells:

 Your Spells              Type           Power      Damage    Failure   Level
a - Kiss of Death         Conj/Necr      60%        2d10      3%          1

Your spell library contained the following spells:

 Spells                   Type           Power      Damage    Failure   Level
 Magic Dart               Conj           64%        1d6       2%          1
 Searing Ray              Conj           32%        2d5       3%          2
 Necrotise                Necr           52%        1d6       4%          1
 Sublimation of Blood     Necr           13%        N/A       6%          2
 Momentum Strike          Conj/Tloc      18%        3d8       11%         2
 Cigotuvi's Dreadful Rot  Necr/Pois/Air  12%        N/A       17%         2
 Apportation              Tloc           4%         N/A       19%         1
 Dazzling Flash           Conj/Hex       18%        N/A       21%         3
 Hailstorm                Conj/Ice       9%         3d4       21%         3
 Scorch                   Fire           4%         2d5       28%         2
 Animate Dead             Necr           13%        N/A       38%         4
 Gell's Gravitas          Tloc           2%         N/A       50%         3
 Ignite Poison            Fire/Tmut/Pois 2%         N/A       50%         3
 Teleport Other           Tloc           2%         N/A       50%         3
 Volatile Blastmotes      Fire/Tloc      4%         2d10      50%         3
 Flame Wave               Conj/Fire      9%         2d6       56%         4
 Fulminant Prism          Conj/Hex       4%         3d5       56%         4
 Iskenderun's Mystic Bla  Conj/Tloc      9%         2d4       56%         4
 Sticky Flame             Conj/Fire      9%         2d3       56%         4
 Agony                    Necr           13%        N/A       75%         5
 Alistair's Intoxication  Tmut/Pois      1%         N/A       99%         5
 Silence                  Hex/Air        1%         N/A       99%         5
 Dispersal                Tloc           1%         N/A       100%        6
 Starburst                Conj/Fire      4%         6d4       100%        6
 Summon Cactus Giant      Summ           1%         N/A       100%        6
 Ignition                 Fire           1%         3d3       100%        8


Dungeon Overview and Level Annotations

Branches:
Dungeon (6/15)             Temple (1/1) D:5

Altars:
Ashenzari
Cheibriados
Dithmenos
Fedhas
Hepliaklqana
Kikubaaqudgha
Makhleb
Nemelex Xobeh
Qazlal
Ru
Trog
Vehumet
Wu Jian
Xom
Yredelemnul

Shops:
D:1 (   D:3 [   D:4 *   D:5 [


Innate Abilities, Weirdness & Mutations

You are a tree.
Your roots penetrate the ground, keeping you stationary.
You cannot be teleported.
You are immune to unholy pain and torment.
Your maximum health is greatly increased.
Your equipment is partially melded.
You are surrounded by a mild repulsion field. (EV +2)
((You are completely covered in sharp spines.))
((Your touch may inflict minor irresistible damage on your foes.))


Message History

The two-headed ogre looks even sicker.
You are too injured to fight recklessly!
Reach: h) +2 trident
Press: ? - help, Dir - move target, f/p - two-headed ogre
Aim: a two-headed ogre, wielding a +0 giant spiked club and a +0 giant club (poison gas, moderately wounded, very poisoned, lightly drained, about 23% to evade your +2 trident)
You reach to attack!
You hit the two-headed ogre.
The two-headed ogre is heavily wounded.
The two-headed ogre is engulfed in poison gas.
The two-headed ogre looks even sicker.
Reach: h) +2 trident
Press: ? - help, Dir - move target, f/p - two-headed ogre
Aim: a two-headed ogre, wielding a +0 giant spiked club and a +0 giant club (poison gas, heavily wounded, very poisoned, lightly drained, about 23% to evade your +2 trident)
You hit the two-headed ogre but do no damage.
The two-headed ogre is heavily wounded.
The two-headed ogre is engulfed in poison gas.
The two-headed ogre looks as sick as possible!
The two-headed ogre hits you with a +0 giant spiked club!
* * * LOW HITPOINT WARNING * * *
The two-headed ogre hits you with a +0 giant club.
* * * LOW HITPOINT WARNING * * *
Reach: h) +2 trident
Press: ? - help, Dir - move target, f/p - two-headed ogre
Aim: a two-headed ogre, wielding a +0 giant spiked club and a +0 giant club (poison gas, heavily wounded, extremely poisoned, lightly drained, about 23% to evade your +2 trident)
You closely miss the two-headed ogre.
The two-headed ogre is heavily wounded.
The two-headed ogre is engulfed in poison gas.
The two-headed ogre looks as sick as possible!
The two-headed ogre hits you but does no damage.
The two-headed ogre hits you with a +0 giant club.
* * * LOW HITPOINT WARNING * * *
Unknown command.
You feel better.
Reach: h) +2 trident
Press: ? - help, Dir - move target, f/p - two-headed ogre
Aim: a two-headed ogre, wielding a +0 giant spiked club and a +0 giant club (severely wounded, extremely poisoned, lightly drained, about 23% to evade your +2 trident)
You hit the two-headed ogre but do no damage.
The two-headed ogre is severely wounded.
The two-headed ogre hits you with a +0 giant spiked club!
You die...
Kikubaaqudgha rasps: "You have failed me!
Welcome... death!"

######### #........
#.......############.#######
######.#####...............######
.).....# ############..#.......
#####..### #....#.#.##
.....†...######### #.#.##.#.#
.####..#.§○.☼§○§○# #.#.##.#.##
.##..<...☼.§°§.O§# ###...#......
..........######♣# #.......#####
..........# #°# #.#.#.#.#
...[......######.####....#...#
...............°#§.......##.##
..........####.###.g..)..#.#.#
..........# ## #.###g#.### ...
#.........# #.# #.##.# ...#
#.........# ######.# #.# #.##
#.........# ###....## .# #.#


You could see a two-headed ogre (extremely poisoned, drained).

Vanquished Creatures
  Sigmund (D:3)
  An ice beast (D:6)
  A black bear (D:6)
  An ogre (D:6)
  A centaur (D:6)
  A bullfrog (D:6)
  A scorpion (D:5)
  2 hounds
  An orc priest (D:4)
  A sleepcap (D:5)
  Jessica (D:2)
  A gnoll bouda (D:6)
  3 iguanas
  Natasha (thrice) (D:3)
  An orc wizard (D:4)
  6 gnolls
  6 adders
  A white imp (D:6)
  An ufetubus (D:5)
  3 dart slugs
  5 orcs (D:4)
  7 endoplasms
  2 giant cockroaches
  11 goblins
  11 hobgoblins
  3 jackals (D:1)
  A quokka (D:1)
  11 ball pythons
  7 bats
  4 frilled lizards
  3 kobolds
  7 rats
109 creatures vanquished.

Notes
Turn   | Place    | Note
-------+----------+-------------------------------------------
     0 | D:1      | javelincjr the Demonspawn Reaver began the quest for the
                  | Orb.
     0 | D:1      | Reached XP level 1. HP: 16/16 MP: 3/3
   296 | D:1      | Gained mutation: You are partially covered in sharp spines.
                  | [demonic ancestry]
   296 | D:1      | Reached XP level 2. HP: 12/22 MP: 5/5
   522 | D:1      | Found Kurphucu's Antique Weapon Shop.
   812 | D:2      | Found a faded altar of an unknown god.
   817 | D:2      | Gained mutation: You are mostly covered in sharp spines.
                  | [demonic ancestry]
   817 | D:2      | Reached XP level 3. HP: 25/28 MP: 6/6
   954 | D:2      | Gained mutation: You are surrounded by a mild repulsion
                  | field. (EV +2) [demonic ancestry]
   954 | D:2      | Reached XP level 4. HP: 20/34 MP: 7/7
   959 | D:2      | Prayed at the altar of an unknown god.
   959 | D:2      | Became a worshipper of Kikubaaqudgha
   959 | D:2      | Reached * piety under Kikubaaqudgha
   959 | D:2      | Received a gift from Kikubaaqudgha
  1052 | D:2      | Noticed Jessica
  1056 | D:2      | Killed Jessica
  1779 | D:3      | Found Tepepp's Antique Armour Shoppe.
  1781 | D:3      | Noticed Sigmund
  1794 | D:3      | Killed Sigmund
  1795 | D:3      | Reached skill level 1 in Necromancy
  1795 | D:3      | Gained mutation: Your touch may inflict minor irresistible
                  | damage on your foes. [demonic ancestry]
  1795 | D:3      | Reached XP level 5. HP: 20/41 MP: 6/9
  1795 | D:3      | Gained mutation: You are completely covered in sharp
                  | spines. [demonic ancestry]
  1795 | D:3      | Reached XP level 6. HP: 23/47 MP: 6/10
  2228 | D:3      | Noticed Natasha
  2231 | D:3      | Killed Natasha
  2231 | D:3      | Reached ** piety under Kikubaaqudgha
  2379 | D:3      | Noticed Natasha
  2381 | D:3      | Killed Natasha
  2413 | D:3      | Noticed Natasha
  2416 | D:3      | Killed Natasha
  2651 | D:4      | Found an ornate altar of the Wu Jian Council.
  2865 | D:4      | Found a shadowy altar of Dithmenos.
  2942 | D:4      | Found Jihaep's Assorted Antiques.
  2949 | D:4      | Bought a scroll labelled LITTIDDOECA for 23 gold pieces
  2949 | D:4      | Bought a scroll labelled OXZADDU VALI for 23 gold pieces
  2949 | D:4      | Bought a scroll labelled XYIFOE ZESCH for 23 gold pieces
  2949 | D:4      | Bought a scroll labelled LITTIDDOECA for 23 gold pieces
  3140 | D:4      | Reached XP level 7. HP: 36/52 MP: 6/12
  3229 | D:4      | Found a bloodstained altar of Trog.
  3295 | D:4      | Found a radiant altar of Vehumet.
  3657 | D:5      | Entered Level 5 of the Dungeon
  3789 | D:5      | Found Bor Isue's Armour Emporium.
  3794 | D:5      | Found a shimmering altar of Xom.
  4007 | D:5      | Found a staircase to the Ecumenical Temple.
  4202 | Temple   | Entered the Ecumenical Temple
  4661 | D:6      | Noticed a two-headed ogre
  4715 | D:6      | Reached XP level 8. HP: 61/61 MP: 12/14
  4769 | D:6      | HP: 1/73 [two-headed ogre/+0 giant spiked club (3)]
  4771 | D:6      | Slain by a two-headed ogre

Illustrated notes

Levels and vault maps discovered:
D:1:      ldierk_walled_garden, layout_basic, serial_shops, shop,
          roderic_serpentine_path, nicolae_concentric_dashed_squares_mild,
          st_stairs_1
D:2:      layout_loops_ring, nicolae_ecumenical_pavilion, uniq_jessica
D:3:      layout_loops_ring, serial_shops, shop, uniq_sigmund, uniq_natasha
D:4:      layout_basic, nzn_wu_jian_contemplation, marbit_many_paths,
          trog_three_pillars_becter, old_standard_altar, serial_shops, shop,
          sigmund_army
D:5:      layout_rooms, mainiacjoe_overflow_alcove_2,
          minmay_temple_entry_poolview, serial_shops, shop, minmay_holes
D:6:      layout_loops_ring, kennysheep_mini, minmay_manual_maat
Temple:   nicolae_temple_bog_church

Skill      XL: |  1  2  3  4  5  6  7  8 |
---------------+-------------------------+-----
Dodging        | 2 3 4 |  4.0
Polearms       | 3 4 |  4.5
Fighting       | 3 4 |  4.4
Spellcasting   | 3 4 |  4.1
Necromancy     | 1 2 3 |  3.7
Conjurations   | 4 |  4.9

Action                     |  1- 3 |  4- 6 |  7- 9 || total
---------------------------+-------+-------+-------++-------
  Melee: Spear             |    52 |       |       ||    52
         Trident           |    32 |    95 |    55 ||   182
         Touch             |       |    13 |    13 ||    26
   Cast: Kiss of Death     |       |     1 |     2 ||     3
    Use: Scroll            |       |     6 |    10 ||    16
         Potion            |       |     2 |     2 ||     4
   Stab: Sleeping          |       |       |     1 ||     1
 Armour: Leather armour    |    17 |     7 |     2 ||    26
         Skin              |       |       |     2 ||     2
  Dodge: Dodged            |    46 |    42 |    46 ||   134
